 Seeded DCSS version 0.30.1-4-g462c640d31 (webtiles) character file.

Game seed: 920673320228942481 (custom seed)

102 CarvArkoylaein the Conjurer (level 4, -5/33 HPs)
             Began as a Demigod Conjurer on Sept 1, 2023.
             Succumbed to Sigmund's poison
             ... on level 4 of the Dungeon.
             The game lasted 00:24:05 (2174 turns).

CarvArkoylaein the Conjurer (Demigod Conjurer)      Turns: 2174, Time: 00:24:05

Health: -5/33      AC:  9    Str:  8    XL:     4   Next: 25%
Magic:  9/10       EV: 10    Int: 24    God:
Gold:   515        SH:  0    Dex: 12    Spells: 3/7 levels left

rFire   + . .        e - +10 mace "Sizifycs" {holy, rCorr}
rCold   . . .        (no shield)
rNeg    . . .        g - +4 ring mail {rF+}
rPois   .            (no helmet)
rElec   .            (no cloak)
rCorr   +            (no gloves)
SInv    .            (no boots)
Will    .....        (no amulet)
Stlth   +            k - ring of wizardry
HPRegen 0.25/turn    i - ring of resist corrosion
MPRegen 0.12/turn

%: wizardry (x1)
@: lethally poisoned (-5 -> -37), unable to read
A: high MP 1, forlorn, divine attributes, claws 1, inability to read after
injury 1
a: no special abilities


You were on level 4 of the Dungeon.
You visited 1 branch of the dungeon, and saw 4 of its levels.

You collected 1153 gold pieces.
You spent 638 gold pieces at shops.

Inventory:

Hand Weapons
 d - a +0 spear
 e - the +10 mace "Sizifycs" (weapon) {holy, rCorr}
   (You acquired it on level 1 of the Dungeon)

   rCorr:     It protects you from acid and corrosion.
 f - a +0 hand axe
Armour
 a - a +0 robe
 g - a +4 ring mail of fire resistance (worn)
Magical Staves
 p - a staff of fire
Jewellery
 i - a ring of resist corrosion (right claw)
 k - a ring of wizardry (left claw)
Wands
 s - a wand of paralysis (3)
Scrolls
 o - a scroll of teleportation
 r - a scroll of amnesia
Potions
 b - a potion of magic
 m - a potion of brilliance {unknown}
 q - a potion of degeneration {unknown}


   Skills:
 + Level 0.5 Maces & Flails
 + Level 0.4 Armour
 + Level 2.1 Dodging
 + Level 2.4 Stealth
 + Level 2.2 Spellcasting
 + Level 4.5 Conjurations


You had 3 spell levels left.
You knew the following spells:

 Your Spells              Type           Power      Damage    Failure   Level
a - Magic Dart            Conj           96%        1d7       2%          1
b - Searing Ray           Conj           48%        2d6       3%          2
c - Kiss of Death         Conj/Necr      52%        2d9       6%          1

Your spell library contained the following spells:

 Spells                   Type           Power      Damage    Failure   Level
 Foxfire                  Conj/Fire      52%        2x1d6     6%          1
 Dazzling Flash           Conj/Hex       26%        N/A       16%         3
 Confusing Touch          Hex            2%         N/A       38%         3
 Portal Projectile        Hex/Tloc       4%         N/A       38%         3
 Tukima's Dance           Hex            2%         N/A       38%         3
 Fulminant Prism          Conj/Hex       6%         3d6       45%         4
 Iskenderun's Mystic Bla  Conj/Tloc      13%        2d5       45%         4
 Dispel Undead            Necr           2%         3d7       78%         4
 Passage of Golubria      Tloc           2%         N/A       78%         4
 Fireball                 Conj/Fire      6%         3d5       80%         5
 Blade Hands              Tmut           1%         N/A       98%         5
 Yara's Violent Unravell  Hex/Tmut       1%         3d3       98%         5
 Plasma Beam              Fire/Air       1%         2x1d12    100%        6
 Starburst                Conj/Fire      6%         6d4       100%        6


Dungeon Overview and Level Annotations

Branches:
Dungeon (4/15)
 Temple: D:4-7

Shops:
D:3 *:

Annotations:
D:4 Sigmund


Innate Abilities, Weirdness & Mutations

You have an increased reservoir of magic. (+10% MP)
You shall have no god before yourself.
Your divine heritage dramatically boosts your attributes as you level up.
You have sharp fingernails.
You occasionally lose the ability to read scrolls when taking damage.


Message History

Sigmund hits you but does no damage.
You are poisoned.
Aiming: Magic Dart (safe; 2% risk of failure)
Press: ? - help, Q - select action, (/) - cycle Shift-Dir - straight line, f/p - Sigmund
Aim: Sigmund, wielding a +4 scythe of venom and wearing a +2 robe (lightly wounded, 100% to hit)
The magic dart hits Sigmund!
Sigmund is moderately wounded.
You feel sick.
Sigmund mumbles some strange words.
Sigmund flickers and vanishes!
Deactivating autopickup; reactivate with Ctrl-A.
You hit something.
You feel sick. Something hits you.
A hobgoblin comes into view.
You miss something.
You feel sick. Something hits you.
You feel sick.
You feel sick.
You hear some strange, mumbled words.
You are confused.
You feel sick.
You are no longer poisoned.
Something hits you but does no damage.
You are poisoned.
You feel much better.
You feel very sick. Something hits you.
You bump into the rock wall.
You feel sick.
You're too confused to cast spells.
You feel sick.
The hobgoblin shouts!
A hobgoblin is nearby!
You feel less confused.
You feel sick. Something hits you!
You are lethally poisoned!
Something hits you!
You feel threatened and lose the ability to read scrolls!
* * * LOW HITPOINT WARNING * * *
You are more poisoned.
You hit the hobgoblin.
You kill the hobgoblin!
You die...

# #. ###
#.#####.###### ..#
#.##.. ...#.. #.#
#.##.## #.#.####.#
#.#
#.##.#..#...@....#
#.#
#.##.#.....†######
#.###.##.#####..#
#.....##..g.....#
................#
#################


There were no monsters in sight!

Vanquished Creatures
  A hound (D:4)
  Natasha (D:2)
  An adder (D:2)
  A worm (D:3)
  A dart slug (D:1)
  2 endoplasms
  4 goblins
  5 hobgoblins
  4 kobolds
  A quokka (D:2)
  5 ball pythons
  4 bats
  3 rats (D:3)
33 creatures vanquished.

Notes
Turn   | Place    | Note
-------+----------+-------------------------------------------
     0 | D:1      | CarvArkoylaein the Demigod Conjurer began the quest for the
                  | Orb.
     0 | D:1      | Reached XP level 1. HP: 14/14 MP: 5/5
   989 | D:1      | Identified 3 scrolls of acquirement
   989 | D:1      | Acquired a +4 ring mail of fire resistance
   990 | D:1      | Acquired 1029 gold pieces
   991 | D:1      | Acquired the +10 mace "Sizifycs" {holy, rCorr}
  1029 | D:2      | Noticed Natasha
  1035 | D:2      | Noticed a cerulean imp
  1038 | D:2      | Killed Natasha
  1039 | D:2      | Reached skill level 4 in Conjurations
  1039 | D:2      | Reached XP level 2. HP: 15/20 MP: 4/7
  1039 | D:2      | Reached XP level 3. HP: 19/26 MP: 4/8
  1104 | D:2      | Learned a level 2 spell: Searing Ray
  1139 | D:2      | Learned a level 1 spell: Kiss of Death
  1426 | D:3      | Found Rylak's Book Boutique.
  1435 | D:3      | Bought Great Wizards, Vol. VII for 330 gold pieces
  1435 | D:3      | Bought a book of Weapons for 308 gold pieces
  1504 | D:3      | Found Xyxiz's Assorted Antiques.
  2019 | D:4      | Reached XP level 4. HP: 31/33 MP: 7/10
  2069 | D:4      | Gained mutation: You have sharp fingernails. [potion of
                  | mutation]
  2069 | D:4      | Gained mutation: You occasionally lose the ability to read
                  | scrolls when taking damage. [potion of mutation]
  2160 | D:4      | Noticed Sigmund
  2174 | D:4      | Succumbed to Sigmund's poison

Illustrated notes

Levels and vault maps discovered:
D:1:      dpeg_arrival_orchard, layout_basic
D:2:      layout_loops_corners, uniq_natasha, uniq_crazy_yiuf_cottage
D:3:      layout_basic, serial_shops, nicolae_shop_stone, shop
D:4:      layout_basic, nicolae_figureground_sparkle, uniq_sigmund, uniq_robin,
          uniq_blork_the_orc

Skill      XL: |  1  2  3 |
---------------+----------+-----
Spellcasting   | 2 |  2.2
Conjurations   | 4 |  4.5
Stealth        | 2 |  2.4
Dodging        | 2 |  2.1
Maces & Flails | |  0.5
Armour         | |  0.4

Action                     |  1- 3 |  4- 6 || total
---------------------------+-------+-------++-------
  Melee: Hand axe          |     5 |       ||     5
         Mace              |    17 |     4 ||    21
         Spear             |     2 |       ||     2
   Cast: Magic Dart        |    37 |     8 ||    45
         Searing Ray       |     1 |       ||     1
    Use: Scroll            |     7 |       ||     7
         Potion            |       |     6 ||     6
   Stab: Sleeping          |     2 |       ||     2
 Armour: Robe              |     3 |       ||     3
         Ring mail         |    12 |     3 ||    15
  Dodge: Dodged            |    25 |       ||    25
